 Dungeon Sprint DCSS version 0.26-a0-1213-gd52f5182fe (webtiles) character file.

Game seed: 16066675326921214790

541 rocky1 the Blocker (level 7, -1/51 HPs)
             Began as a Gargoyle Fighter on Dec 31, 2020.
             Was a Follower of Okawaru.
             Slain by an orc warrior
             ... wielding a +0 war axe
              (18 damage)
             ... in the Dungeon (Sprint IX: "|||||||||||||||||||||||||||||").
             The game lasted 00:01:40 (268 turns).

rocky1 the Blocker (Gargoyle Fighter)                Turns: 268, Time: 00:01:41

Health: -1/51      AC: 11    Str: 21    XL:     7   Next: 26%
Magic:  9/11       EV:  8    Int: 11    God:    Okawaru [*.....]
Gold:   0          SH: 12    Dex: 13    Spells: 6/6 levels left

rFire    . . .     SeeInvis .   a - +0 flail
rCold    . . .     Faith    .   c - +0 kite shield
rNeg     + . .     Spirit   .   b - +0 scale mail
rPois    ∞         Reflect  .   (no helmet)
rElec    +         Harm     .   (no cloak)
rCorr    .         Rampage  .   (no gloves)
Will     .....     NoTele   +   (no boots)
Stlth    ..........             (no amulet)
HPRegen  0.17/turn              s - +3 ring of intelligence
MPRegen  0.12/turn              t - +3 ring of dexterity

@: berserk cooldown, slowed, very slow
A: negative energy resistance 1, electricity resistance, unbreathing,
petrification resistance, miasma immunity, AC +4
a: Renounce Religion, Heroism


You were in the Dungeon.
You worshipped Okawaru.
Okawaru was aware of your devotion.
You visited 1 branch

Inventory:

Hand Weapons
 a - a +0 flail (weapon)
 o - a +3 war axe of freezing
Armour
 b - a +0 scale mail (worn)
 c - a +0 kite shield (worn)
 p - a +0 cloak
 q - a +0 pair of gloves
 r - a +1 chain mail of fire resistance
Jewellery
 s - a +3 ring of intelligence (left hand)
 t - a +3 ring of dexterity (right hand)
Wands
 n - a wand of iceblast (10)
Scrolls
 j - 2 scrolls of blinking
 l - 3 scrolls of remove curse
 m - 2 scrolls of amnesia
Potions
 d - a potion of might
 e - 5 potions of curing
 f - a potion of heal wounds
 g - a potion of haste
 h - 4 potions of magic
 k - a potion of invisibility


   Skills:
 + Level 9.5 Fighting
 + Level 8.4 Maces & Flails
 - Level 3.2 Armour
 + Level 9.5 Shields
 + Level 5.8 Invocations


You had 6 spell levels left.
You didn't know any spells.
Your spell library was empty.

Dungeon Overview and Level Annotations

Branches:
Dungeon (1/1)

Altars:
Cheibriados
Dithmenos
Elyvilon
Fedhas
Gozag
Hepliaklqana
Kikubaaqudgha
Makhleb
Nemelex Xobeh
Okawaru
Qazlal
Ru
Sif Muna
Trog
Uskayaw
Vehumet
Wu Jian
Xom
Yredelemnul
Zin
The Shining One
Beogh
Jiyva
Lugonu


Innate Abilities, Weirdness & Mutations

You are resistant to torment.
Your stone body is resilient. (AC +4)
You are immune to poison.
You resist negative energy. (rN+)
You are resistant to electric shocks. (rElec)
You can survive without breathing.
You are immune to petrification.
You are immune to miasma.


Message History

The orc warrior is moderately wounded.
You block the orc warrior's attack.
The orc warrior hits you with a +0 war axe!
You sock the orc warrior!
The orc warrior is severely wounded.
The orc warrior barely misses you.
You hit the orc warrior.
The orc warrior is severely wounded.
You block the orc warrior's attack.
You hit the orc warrior but do no damage.
The orc warrior is severely wounded.
You block the orc warrior's attack.
You hit the orc warrior.
The orc warrior is almost dead.
You block the orc warrior's attack.
The orc warrior hits you with a +0 war axe.
You hit the orc warrior.
The orc warrior is almost dead.
The orc warrior hits you with a +0 war axe!!
You die... ▓▓▓▓▓▓▓▓▓▓▓▓▓▓▓▓▓▓▓▓▓▓▓▓ +....yo@......)..'______ ▓▓▓▓▓▓▓▓▓▓▓▓▓▓▓▓▓▓▓▓▓▓▓▓

You could see an orc warrior and a killer bee.

Vanquished Creatures
  A troll (D)
  A phantom (D)
  2 ogres (D)
  A hound (D)
  A worker ant (D)
  An adder skeleton (D)
  A dart slug (D)
  2 orcs (D)
  A bat (D)
  3 goblins (D)
14 creatures vanquished.

Notes
Turn   | Place    | Note
-------+----------+-------------------------------------------
     0 | D        | rocky1 the Gargoyle Fighter began the quest for the Orb.
     0 | D        | Reached XP level 1. HP: 14/14 MP: 1/1
    19 | D        | Reached XP level 2. HP: 20/20 MP: 2/2
    27 | D        | Noticed a phantom
    37 | D        | Reached skill level 5 in Fighting
    37 | D        | Reached skill level 5 in Shields
    37 | D        | Reached XP level 3. HP: 18/26 MP: 3/3
    42 | D        | Reached XP level 4. HP: 20/32 MP: 4/4
    85 | D        | Killed a phantom
    86 | D        | Reached XP level 5. HP: 28/38 MP: 5/5
   167 | D        | Found a roughly hewn altar of Beogh.
   167 | D        | Found a snail-covered altar of Cheibriados.
   167 | D        | Found a shadowy altar of Dithmenos.
   167 | D        | Found a white marble altar of Elyvilon.
   167 | D        | Found a blossoming altar of Fedhas.
   167 | D        | Found an opulent altar of Gozag.
   168 | D        | Found a hazy altar of Hepliaklqana.
   169 | D        | Found a viscous altar of Jiyva.
   170 | D        | Found an ancient bone altar of Kikubaaqudgha.
   171 | D        | Found a corrupted altar of Lugonu.
   172 | D        | Found a burning altar of Makhleb.
   173 | D        | Found a sparkling altar of Nemelex Xobeh.
   174 | D        | Found an iron altar of Okawaru.
   183 | D        | Found a stormy altar of Qazlal.
   184 | D        | Found a sacrificial altar of Ru.
   185 | D        | Found a shimmering blue altar of Sif Muna.
   186 | D        | Found a bloodstained altar of Trog.
   187 | D        | Found a hide-covered altar of Uskayaw.
   188 | D        | Found a radiant altar of Vehumet.
   189 | D        | Found an ornate altar of the Wu Jian Council.
   190 | D        | Became a worshipper of Warmaster Okawaru
   191 | D        | Found a shimmering altar of Xom.
   192 | D        | Found a basalt altar of Yredelemnul.
   193 | D        | Found a glowing silver altar of Zin.
   194 | D        | Found a glowing golden altar of the Shining One.
   228 | D        | Noticed an orc warrior
   228 | D        | Noticed a troll
   228 | D        | Noticed an ogre
   228 | D        | Noticed an ogre
   233 | D        | Killed an ogre
   234 | D        | Reached XP level 6. HP: 36/44 MP: 5/8
   250 | D        | Killed a troll
   250 | D        | Reached * piety under Okawaru
   251 | D        | Reached skill level 5 in Invocations
   251 | D        | Reached XP level 7. HP: 36/51 MP: 6/11
   268 | D        | Slain by an orc warrior

Illustrated notes

Levels and vault maps discovered:
D:        linesprint [early_d, line_temple, items_1, d_10, items_2, lair_1,
          lair_end, items_3, orc_1, orc_end, items_4, d_15, swamp_1, shoals_1,
          snake_1, spider_1, d_20, vaults_1, items_5, swamp_end, shoals_end,
          snake_end, spider_end, vaults_end, d_27, items_6, zot_1, zot_end,
          crypt_end, forest_end, elf_end, slime_end, tomb_end, abyss_end,
          pan_hell_end]

Skill      XL: |  1  2  3  4  5  6 |
---------------+-------------------+-----
Fighting       | 4 5 7 8 9 |  9.5
Shields        | 4 5 7 8 9 |  9.5
Maces & Flails | 4 6 7 8 |  8.4
Invocations    | 2 5 |  5.8
Armour         | |  3.2

Action                   |  1- 3 |  4- 6 |  7- 9 || total
-------------------------+-------+-------+-------++-------
Melee: Flail             |    31 |    43 |    17 ||    91
  Use: Potion            |       |     2 |     1 ||     3
Armor: Scale mail        |    14 |    15 |     3 ||    32
Dodge: Dodged            |     9 |    10 |     4 ||    23
Block: Kite shield       |    11 |    15 |    10 ||    36

Table legend: (Time is in decaauts)
 A = Elapsed time spent in this place.
 B = Non-inter-level travel time spent in this place.
 C = Inter-level travel time spent in this place.
 D = Time resting spent in this place.
 E = Time spent auto-exploring this place.
 F = Levels seen in this place.
 G = Mean time per level.
                   A        B        C        D        E       F      G
               +--------+--------+--------+--------+--------+-----+--------+
         Total |    286 |    286 |      0 |     73 |      0 |   1 |  286.0 |
       Dungeon |    286 |    286 |      0 |     73 |      0 |   1 |  286.0 |
               +--------+--------+--------+--------+--------+-----+--------+

Top non-repeatable levels by time:
       D: 286 daAuts
